 Dungeon Crawl Stone Soup version 0.20.0-10-g0535bb4 (webtiles) character file.

67 Lexie the Ruffian (level 4, 0/44 HPs)
             Began as a Troll Monk on June 6, 2017.
             Slain by Grinder (6 damage)
             ... on level 3 of the Dungeon.
             The game lasted 00:01:39 (1815 turns).

Lexie the Ruffian (Troll Monk)                      Turns: 1815, Time: 00:01:40

Health: 0/44       AC:  5    Str: 22    XL:     4   Next: 0%
Magic:  3/3        EV: 10    Int:  6    God:
Gold:   97         SH:  0    Dex: 12    Spells: 3/3 levels left

rFire    + . .     SeeInvis .     - Unarmed
rCold    . . .     Gourm    +   (no shield)
rNeg     . . .     Faith    .   a - +0 robe
rPois    .         Spirit   .   (helmet restricted)
rElec    .         Reflect  .   (no cloak)
rCorr    .         Harm     .   (gloves unavailable)
MR       .....                  (boots unavailable)
Stlth    ++........             (no amulet)
Regen    0.6/turn               e - +2 ring of strength
MPRegen  0.1/turn               g - ring of protection from fire

@: no status effects
A: unfitting armour, claws 3, fast metabolism 3, gourmand, regeneration 1,
shaggy fur 1, tough skin 2
a: no special abilities


You were on level 3 of the Dungeon.
You were very full.

You visited 1 branch of the dungeon, and saw 3 of its levels.

You collected 97 gold pieces.

Inventory:

Armour
 a - a +0 robe (worn)
Jewellery
 e - a +2 ring of strength (left claw)
 f - an uncursed ring of flight
 g - a ring of protection from fire (right claw)
Scrolls
 c - 2 scrolls of teleportation {unknown}
 h - 2 scrolls of identify {unknown}
 i - a scroll of fog {unknown}
 m - 2 scrolls of magic mapping {unknown}
Potions
 d - a potion of agility {unknown}
 j - a potion of invisibility {unknown}
 l - 2 potions of curing {unknown}
 o - a potion of lignification {unknown}
 p - a potion of ambrosia {unknown}
 q - a potion of haste {unknown}
Comestibles
 b - 3 bread rations
 k - 4 fruits
 n - 2 meat rations


   Skills:
 - Level 2.4 Fighting
 - Level 2.4 Dodging
 - Level 1.0 Stealth
 + Level 4.9 Unarmed Combat


You had 3 spell levels left.
You didn't know any spells.

Dungeon Overview and Level Annotations

Branches:
Dungeon (3/15)

Altars:
Uskayaw

Annotations:
D:3 Grinder


Innate Abilities, Weirdness & Mutations

You are too large for most types of armour.
You have claws for hands.
Your metabolism is lightning-fast.
You like to eat raw meat.
Your natural rate of healing is unusually fast.
You are covered in fur. (AC +1)
You have very tough skin. (AC +2)


Message History

You barely miss Grinder.
Grinder is almost dead.
Grinder gestures at you. Pain shoots through your body!
You barely miss Grinder.
Grinder is almost dead.
Grinder closely misses you.
You scratch Grinder but do no damage.
Grinder is almost dead.
Grinder blinks!
You closely miss Grinder.
Grinder is almost dead.
Grinder hits you.
* * * LOW HITPOINT WARNING * * *
You writhe in agony.
* * * LOW HITPOINT WARNING * * *
You scratch Grinder but do no damage.
Grinder is almost dead.
Grinder hits you.
You die...

.......# .#####.# ###
.##....# .. .##.#..# .#
.##.#..##########.###.##
............)..........#
###.##.#########..#.#..
#.##.# #..#.#..#
#.##.#########@.<.....
#).#.##......>5#####..
##.....#........#
##................
................##
####............#
...#....#....>..#
#.....###.......#
...8..# #########


You could see Grinder.

Vanquished Creatures
  3 adders
  2 worms
  A dart slug (D:1)
  A leopard gecko (D:1)
  A ball python (D:3)
  3 bats (D:1)
  3 giant cockroaches
  3 goblins
  4 hobgoblins
  A quokka (D:2)
  3 frilled lizards
  5 kobolds
  2 rats
32 creatures vanquished.

Notes
Turn   | Place    | Note
-------+----------+-------------------------------------------
     0 | D:1      | Lexie the Troll Monk began the quest for the Orb.
     0 | D:1      | Reached XP level 1. HP: 22/22 MP: 0/0
   142 | D:1      | Reached XP level 2. HP: 29/29 MP: 1/1
   843 | D:2      | Reached skill level 4 in Unarmed Combat
   843 | D:2      | Reached XP level 3. HP: 36/36 MP: 2/2
  1690 | D:3      | Found a hide-covered altar of Uskayaw.
  1756 | D:3      | Reached XP level 4. HP: 44/44 MP: 3/3
  1798 | D:3      | Noticed Grinder
  1815 | D:3      | Slain by Grinder

Skill      XL: |  1  2 |
---------------+-------+-----
Unarmed Combat | 4 |  4.9
Fighting       | |  2.4
Dodging        | |  2.4
Stealth        | |  1.0

Action                   |  1- 3 |  4- 6 || total
-------------------------+-------+-------++-------
Melee: Unarmed           |    64 |    14 ||    78
 Stab: Sleeping          |     4 |       ||     4
  Eat: Chunk             |    19 |     2 ||    21
Armor: Robe              |    27 |       ||    27
Dodge: Dodged            |    25 |     6 ||    31
